 Dungeon Crawl Stone Soup version 0.20.1-1-g8b1a95d (webtiles) character file.

204 shigeko the Cudgeler (level 5, -4/45 HPs)
             Began as a Minotaur Fighter on Nov 30, 2017.
             Slain by Sigmund
             ... wielding a +0 scythe
              (12 damage)
             ... on level 3 of the Dungeon.
             The game lasted 00:03:41 (1963 turns).

shigeko the Cudgeler (Minotaur Fighter)             Turns: 1963, Time: 00:03:42

Health: -4/45      AC:  8    Str: 21 (22) XL:     5   Next: 52%
Magic:  4/4        EV:  7    Int:  5      God:
Gold:   171        SH:  0    Dex:  9      Spells: 4/4 levels left

rFire    + . .     SeeInvis .   j - +3 whip
rCold    . . .     Gourm    .   c - +0 shield
rNeg     . . .     Faith    .   b - +0 scale mail
rPois    +         Spirit   .   (helmet restricted)
rElec    .         Reflect  .   (no cloak)
rCorr    .         Harm     .   (no gloves)
MR       .....                  o - +0 pair of boots
Stlth    ..........             (no amulet)
Regen    0.2/turn               (no ring)
MPRegen  0.1/turn               (no ring)

@: confused
A: retaliatory headbutt, horns 2, talons 1, deterioration 1, fire resistance 1,
poison resistance
a: no special abilities


You were on level 3 of the Dungeon.
You were not hungry.

You visited 1 branch of the dungeon, and saw 3 of its levels.

You collected 171 gold pieces.

Inventory:

Hand Weapons
 a - a +0 flail
 j - a +3 whip (weapon)
Armour
 b - a +0 scale mail (worn)
 c - a +0 shield (worn)
 o - a +0 pair of boots (worn)
Wands
 q - a wand of lightning (10/15)
 r - a wand of polymorph (8/24)
Scrolls
 e - a scroll of amnesia {unknown}
 g - 2 scrolls of enchant armour {unknown}
 h - a scroll of magic mapping {unknown}
 i - a scroll of enchant weapon {unknown}
 n - a scroll of immolation {unknown}
 p - 2 scrolls of recharging {unknown}
Potions
 d - a potion of might
 k - 2 potions of curing
 l - a potion of heal wounds
 s - a potion of berserk rage
Comestibles
 f - 4 bread rations
 m - a meat ration


   Skills:
 - Level 3.6 Fighting
 + Level 7.0 Maces & Flails
 - Level 3.6 Armour
 - Level 3.6 Shields


You had 4 spell levels left.
You didn't know any spells.

Dungeon Overview and Level Annotations

Branches:
Dungeon (3/15)

Altars:
Ru
Yredelemnul

Annotations:
D:3 Sigmund


Innate Abilities, Weirdness & Mutations

You reflexively headbutt those who attack you in melee.
You have a pair of horns on your head.
You have sharp toenails.
Your body sometimes deteriorates upon taking damage.
Your flesh is heat resistant. (rF+)
Your system is resistant to poisons. (rPois)


Message History

You are more confused.
You hear some strange, mumbled words.
A puff of flame appears from out of thin air!
The puff of flame misses you.
You see here a quokka corpse.
You're too confused to move!
Something hits you!
You take 6 damage, and have 21/45 hp.
You bump into the rock wall.
You're too confused to move!
Something hits you but does no damage.
You bump into the rock wall.
Something hits you.
You take 6 damage, and have 15/45 hp.
You bump into the rock wall.
You're too confused to move!
Something hits you!
* * * LOW HITPOINT WARNING * * *
You take 8 damage, and have 8/45 hp.
You feel less confused.
You hear some strange, mumbled words.
You are confused.
You completely miss something. Something hits you!
You die...

# #.####.......# ...
#. #...##.##....##.##
#.#####.............##
...#...##.##....### #
#.#.####.......# #
#...# #####..######
##.## #.....<..
#####.### ##'#######
#.....@.# ##...## #
#.###{#.# ##.....## #
##†#.# ##.......## #
#....# #.........###
#.......+.>.....†.'..
##....###.........###
........#.......##
...(..##.##.....##
#.#.##### ###...##


There were no monsters in sight!

Vanquished Creatures
  The ghost of digijack the Skirmisher, an amateur DsFi (D:3)
  Jessica (D:3)
  4 adders (D:2)
  2 worms
  4 dart slugs
  A leopard gecko (D:1)
  3 giant cockroaches
  4 goblins
  7 hobgoblins
  3 kobolds
  2 quokkas (D:3)
  A ball python (D:3)
  5 bats
  3 frilled lizards
  4 rats
  A spectral orc (D:2)
46 creatures vanquished.

Notes
Turn   | Place    | Note
-------+----------+-------------------------------------------
     0 | D:1      | shigeko the Minotaur Fighter began the quest for the Orb.
     0 | D:1      | Reached XP level 1. HP: 19/19 MP: 0/0
   115 | D:1      | Reached skill level 3 in Maces & Flails
   130 | D:1      | Reached XP level 2. HP: 16/26 MP: 1/1
   561 | D:2      | Reached skill level 4 in Maces & Flails
   642 | D:2      | Found a sacrificial altar of Ru.
   738 | D:2      | Reached XP level 3. HP: 23/31 MP: 2/2
  1109 | D:2      | Reached skill level 5 in Maces & Flails
  1121 | D:2      | Reached XP level 4. HP: 29/39 MP: 3/3
  1352 | D:2      | Found a basalt altar of Yredelemnul.
  1406 | D:3      | Noticed digijack's ghost (amateur DsFi)
  1421 | D:3      | Killed digijack's ghost
  1421 | D:3      | Reached skill level 6 in Maces & Flails
  1421 | D:3      | Reached XP level 5. HP: 16/45 MP: 4/4
  1437 | D:3      | Gained mutation: Your body sometimes deteriorates upon taking damage. [potion of mutation]
  1437 | D:3      | Gained mutation: Your flesh is heat resistant. (rF+) [potion of mutation]
  1437 | D:3      | Gained mutation: You have sharp toenails. [potion of mutation]
  1437 | D:3      | Gained mutation: Your system is resistant to poisons. (rPois) [potion of mutation]
  1469 | D:3      | Noticed Jessica
  1472 | D:3      | Killed Jessica
  1472 | D:3      | Reached skill level 7 in Maces & Flails
  1936 | D:3      | Noticed Sigmund
  1963 | D:3      | Slain by Sigmund

Skill      XL: |  1  2  3  4  5 |
---------------+----------------+-----
Maces & Flails | 3 4 5 6 7 |  7.0
Fighting       | |  3.6
Armour         | |  3.6
Shields        | |  3.6

Action                   |  1- 3 |  4- 6 || total
-------------------------+-------+-------++-------
Melee: Whip              |    67 |    55 ||   122
       Flail             |     6 |       ||     6
       Headbutt          |     5 |    11 ||    16
       Kick              |       |     2 ||     2
  Use: Potion            |     5 |     1 ||     6
       Scroll            |       |     2 ||     2
  Eat: Chunk             |       |     3 ||     3
Armor: Scale mail        |    24 |     9 ||    33
Dodge: Dodged            |    18 |    11 ||    29
Block: Shield            |    42 |    23 ||    65
